 Dungeon Crawl Stone Soup version 0.27.1-4-g1640c2035a (webtiles) character file.

Game seed: 9186069728569356118

14773 DearestLeader the Cleaver (level 11, -6/94 HPs)
             Began as a Minotaur Fighter on Nov 2, 2021.
             Was a High Priest of Okawaru.
             Succumbed to a death drake's dark miasma
             ... in a Gauntlet.
             The game lasted 00:21:36 (11840 turns).

DearestLeader the Cleaver (Minotaur Fighter)       Turns: 11840, Time: 00:21:37

Health: -6/94      AC: 23    Str: 22    XL:     11   Next: 93%
Magic:  12/14      EV: 10    Int:  6    God:    Okawaru [*****.]
Gold:   886        SH: 14    Dex: 11    Spells: 10/10 levels left

rFire    + . .     SeeInvis .   i - +2 war axe (vorpal)
rCold    . . .     Faith    .   c - +0 kite shield
rNeg     . . .     Spirit   .   J - +0 plate armour
rPois    .         Reflect  .   (helmet restricted)
rElec    .         Harm     .   T - +0 cloak
rCorr    .         Rampage  .   r - +0 pair of gloves
Will     +....     NoTele   +   p - +2 pair of boots {Fly}
Stlth    ..........             Q - amulet of regeneration
HPRegen  1.25/turn              g - ring of willpower
MPRegen  0.14/turn              m - ring of protection from fire

@: lethally poisoned (-6 -> -76), heroic, flying, slowed, studying Throwing,
very slow
A: horns 2, retaliatory headbutt
a: Renounce Religion, Heroism, Finesse


You were in a Gauntlet.
You worshipped Okawaru.
Okawaru was extremely pleased with you.
You visited 3 branches of the dungeon, and saw 13 of its levels.
You also visited: Ossuary, Bailey and Gauntlet.

You collected 886 gold pieces.

Inventory:

Hand Weapons
 i - a +2 vorpal war axe (weapon)
Missiles
 n - 12 javelins (quivered)
Armour
 c - a +0 kite shield (worn)
 p - a +2 pair of boots of flying (worn)
 r - a +0 pair of gloves (worn)
 J - a +0 plate armour (worn)
 T - a +0 cloak (worn)
Jewellery
 g - a ring of willpower (left hand)
 l - a ring of magical power
 m - a ring of protection from fire (right hand)
 K - a ring of fire
 L - a ring of protection from fire
 N - a ring of protection from cold
 Q - an amulet of regeneration (around neck)
Wands
 B - a wand of flame (35)
 H - a wand of charming (4)
 M - a wand of iceblast (8)
 S - a wand of digging (6)
 U - a wand of mindburst (12)
Scrolls
 a - 3 scrolls of teleportation
 b - 5 scrolls of identify
 f - 3 scrolls of fog
 k - 2 scrolls of enchant armour
 o - 3 scrolls of noise
 q - a scroll of holy word {unknown}
 s - 2 scrolls of fear {unknown}
 v - 3 scrolls of amnesia {unknown}
 w - 2 scrolls of acquirement {unknown}
 y - a scroll of immolation {unknown}
 A - a scroll of enchant weapon {unknown}
 D - a scroll of silence {unknown}
 O - 2 scrolls of blinking {unknown}
 R - a scroll of vulnerability {unknown}
Potions
 d - 3 potions of might
 e - 3 potions of heal wounds
 h - 12 potions of curing
 j - 4 potions of haste
 t - a potion of berserk rage {unknown}
 u - 4 potions of lignification
 x - 2 potions of cancellation
 z - 4 potions of degeneration
 C - 2 potions of flight
 E - a potion of attraction {unknown}
 F - a potion of resistance {unknown}
 G - 2 potions of ambrosia {unknown}
 I - a potion of brilliance {unknown}
 P - a potion of mutation {unknown}
Miscellaneous
 V - a piece from Xom's chessboard (15/15)


   Skills:
 + Level 7.8(12.8) Fighting
 * Level 14.7(19.7) Axes
 + Level 9.0(14.0) Armour
 - Level 4.0(9.0) Dodging
 + Level 11.3(16.3) Shields
 + Level 6.4 Invocations


You had 10 spell levels left.
You didn't know any spells.
Your spell library contained the following spells:

 Spells                   Type           Power      Damage    Failure   Level
 Animate Skeleton         Necr           0%         N/A       99%         1
 Magic Dart               Conj           0%         1d3       99%         1
 Pain                     Necr           0%         1d4       99%         1
 Call Imp                 Summ           0%         N/A       100%        2
 Corpse Rot               Necr/Air       N/A        N/A       100%        2
 Ignite Poison            Fire/Tmut/Pois 0%         N/A       100%        3
 Mephitic Cloud           Conj/Pois/Air  0%         N/A       100%        3
 Vampiric Draining        Necr           0%         2d6       100%        3
 Dispel Undead            Necr           0%         3d6       100%        4
 Fulminant Prism          Conj/Hex       0%         3d6       100%        4
 Iskenderun's Mystic Bla  Conj/Tloc      0%         2d3       100%        4
 Bolt of Magma            Conj/Fire/Erth 0%         4d4       100%        5
 Lee's Rapid Deconstruct  Erth           0%         3d5*      100%        5
 Death Channel            Necr           0%         N/A       100%        6


Dungeon Overview and Level Annotations

Branches:
Dungeon (11/15)            Temple (1/1) D:7            Lair (1/6) D:11
Ossuary (visited)          Bailey (visited)         Gauntlet (1/1)
    Orc: D:9-12

Altars:
Ashenzari
Cheibriados
Dithmenos
Elyvilon
Fedhas
Gozag
Hepliaklqana
Kikubaaqudgha
Makhleb
Nemelex Xobeh
Okawaru
Qazlal
Ru
Sif Muna
Trog
Uskayaw
Vehumet
Wu Jian
Xom
Yredelemnul
Zin
The Shining One

Shops:
D:8 (

Portals:
Trove: D:10 (give horn of Geryon)

Annotations:
D:5 2 transporters, Stajl's ghost, novice TrFi Gauntlet 5 transporters, 1 runed translucent door


Innate Abilities, Weirdness & Mutations

You have a pair of horns on your head.
You reflexively headbutt those who attack you in melee.


Message History

You block the death drake's attack. The centaur warrior zombie hits you.
You block the centaur warrior zombie's attack.
The death drake bites you but does no damage.
You block the centaur warrior zombie's attack.
The centaur warrior zombie kicks you but does no damage.
You hit the death drake.
The death drake is heavily wounded.
You hit the centaur warrior zombie but do no damage.
You feel very sick.
The death drake bites you but does no damage.
You block the centaur warrior zombie's attack. x2
The death drake breathes miasma at you. The foul vapour engulfs you.
You are more poisoned.
The centaur warrior zombie barely misses you. x2
You slice the death drake!!
The death drake is severely wounded.
You slash the centaur warrior zombie!
You destroy the centaur warrior zombie!
Okawaru is honoured by your kill.
You are engulfed in dark miasma.
You are more poisoned.
You feel extremely sick. The death drake closely misses you.
Your base Armour skill increases to level 9!
You barely miss the death drake. Your headbutt misses the death drake.
The death drake is severely wounded.
You are engulfed in dark miasma.
You are lethally poisoned!
* * * LOW HITPOINT WARNING * * *
You feel extremely sick. The death drake breathes miasma at you.
The foul vapour engulfs you but does no damage.
The death drake bites you but does no damage.
You miss the death drake.
The death drake is severely wounded.
You are engulfed in dark miasma.
You are more poisoned.
* * * LOW HITPOINT WARNING * * *
You die...

#≈≈≈#≈≈≈#≈≈≈#≈≈≈#
##≈...........≈##
##...........##
##≈...........≈##
#≈≈.#########.≈≈#
##≈.#..!©.=.#.≈##
##.#..^.##.#.##
##≈.#.^##k#.#.≈##
#≈≈.#..#@.#.#.≈≈#
##≈.#.#..##.#.≈##
##.#.####..#.##
##≈.#...Z...#.≈##
#≈≈.#########.≈≈#
##≈....#©..8#.≈##
##..8.#...©#.##
##≈....#©..8#.≈##
#≈≈.#########.≈≈#


You could see a death drake and a hornet zombie.

Vanquished Creatures
  A two-headed ogre (D:10)
  A wizard (Gauntlet)
  Pikel (D:8)
  A manticore (D:11)
  4 gargoyles (D:10)
  A cane toad (Lair:1)
  A komodo dragon (D:11)
  2 trolls
  A polar bear (shapeshifter) (Gauntlet)
  A hornet (D:9)
  A shadow (D:10)
  14 flying skulls (Gauntlet)
  A wraith (Ossuary)
  A basilisk (Lair:1)
  3 yaks
  A steam dragon (D:7)
  2 vampire mosquitoes (D:11)
  A water moccasin (Lair:1)
  4 ice beasts
  5 orc warriors
  3 black bears
  2 sky beasts
  4 necrophages
  2 ogres (D:6)
  5 centaurs
  A phantom (D:4)
  3 kobold brigands
  5 bullfrogs
  3 scorpions
  8 wights
  10 killer bees (D:8)
  10 howler monkeys
  2 jellies (D:6)
  3 bullfrog zombies
  6 hounds
  7 centaur zombies
  5 orc priests
  2 centaur skeletons
  A gnoll shaman (D:10)
  Jessica (D:3)
  2 bullfrog skeletons
  An iguana (D:5)
  A scorpion zombie (D:5)
  8 orc wizards
  Terence (D:3)
  A howler monkey zombie (D:8)
  A mummy (Ossuary)
  4 gnolls (D:10)
  2 adders
  2 shadow imps (Gauntlet)
  2 white imps
  An ufetubus (D:5)
  An adder skeleton (D:4)
  A worm (D:3)
  6 dart slugs
  21 orcs
  10 endoplasms
  3 giant cockroaches
  7 goblins
  6 hobgoblins
  15 jackals
  2 quokkas
  6 ball pythons
  6 bats
  2 frilled lizards
  6 gnoll skeletons (Ossuary)
  37 kobolds
  7 kobold skeletons (Ossuary)
  12 orc skeletons (Ossuary)
  3 rats
307 creatures vanquished.

Vanquished Creatures (others)
  13 plants
13 creatures vanquished.

Grand Total: 320 creatures vanquished

Notes
Turn   | Place    | Note
-------+----------+-------------------------------------------
     0 | D:1      | DearestLeader the Minotaur Fighter began the quest for the
                  | Orb.
     0 | D:1      | Reached XP level 1. HP: 19/19 MP: 0/0
   116 | D:1      | Found a faded altar of an unknown god.
   203 | D:1      | Reached XP level 2. HP: 13/27 MP: 1/1
   205 | D:1      | Reached skill level 3 in Axes
   887 | D:2      | Reached XP level 3. HP: 33/33 MP: 2/2
  1868 | D:3      | Noticed Jessica
  1872 | D:3      | Killed Jessica
  1873 | D:3      | Reached skill level 4 in Axes
  1873 | D:3      | Reached XP level 4. HP: 34/40 MP: 3/3
  1937 | D:3      | Found a sparkling altar of Nemelex Xobeh.
  2513 | D:3      | Reached skill level 5 in Axes
  2513 | D:3      | Reached skill level 5 in Shields
  2513 | D:3      | Reached XP level 5. HP: 12/46 MP: 4/4
  2827 | D:3      | Noticed Terence
  2833 | D:3      | Killed Terence
  3315 | D:4      | Noticed a necrophage
  3322 | D:4      | Killed a necrophage
  3323 | D:4      | Reached skill level 6 in Axes
  3323 | D:4      | Reached XP level 6. HP: 48/52 MP: 5/5
  3608 | D:4      | Found a snail-covered altar of Cheibriados.
  3633 | D:4      | Reached skill level 7 in Axes
  3633 | D:4      | Reached XP level 7. HP: 43/60 MP: 6/6
  3823 | D:5      | Entered Level 5 of the Dungeon
  3868 | D:5      | Reached skill level 5 in Fighting
  4014 | D:5      | Found a sand-covered staircase.
  4019 | Ossuary  | Entered an ossuary
  4019 | Ossuary  | Noticed a wraith
  4019 | Ossuary  | Noticed a wraith
  4019 | Ossuary  | Noticed a wraith
  4168 | Ossuary  | Noticed a wraith
  4188 | Ossuary  | Killed a wraith
  4189 | Ossuary  | Reached skill level 8 in Axes
  4438 | D:5      | Found a transporter.
  4440 | D:5      | Noticed Stajl's ghost (novice TrFi)
  4442 | D:5      | Found a transporter.
  4553 | D:5      | Reached skill level 1 in Dodging
  4553 | D:5      | Reached XP level 8. HP: 68/68 MP: 7/7
  4567 | D:5      | Reached skill level 9 in Axes
  4618 | D:5      | Identified the +9 dire flail "Vuekk" {spect, rF+ SInv}
  4938 | D:6      | Found an ornate altar of the Wu Jian Council.
  4977 | D:6      | Reached skill level 5 in Armour
  5130 | D:6      | Reached skill level 10 in Axes
  5150 | D:6      | Reached XP level 9. HP: 61/74 MP: 8/8
  5881 | D:7      | Found a broken altar of Ashenzari.
  5920 | D:7      | Found an ancient bone altar of Kikubaaqudgha.
  6357 | D:7      | Found a staircase to the Ecumenical Temple.
  6403 | Temple   | Entered the Ecumenical Temple
  6423 | Temple   | Became a worshipper of Warmaster Okawaru
  6469 | D:7      | Reached skill level 11 in Axes
  6474 | D:7      | Reached skill level 1 in Invocations
  7192 | D:8      | Found Funkupaa's Antique Weapon Shoppe.
  7480 | D:8      | Found a glowing golden altar of the Shining One.
  7493 | D:8      | Reached * piety under Okawaru
  7571 | D:8      | Noticed Pikel
  7581 | D:8      | Killed Pikel
  7582 | D:8      | Reached skill level 12 in Axes
  7582 | D:8      | Reached XP level 10. HP: 76/81 MP: 9/11
  7965 | D:8      | Reached ** piety under Okawaru
  8314 | D:9      | Paralysed by a hornet for 1 turns
  8875 | D:9      | Reached *** piety under Okawaru
  9517 | D:10     | Entered Level 10 of the Dungeon
  9554 | D:10     | Reached skill level 10 in Shields
 10018 | D:10     | Found a portal to a secret trove of treasure.
 10110 | D:10     | Noticed a gargoyle
 10118 | D:10     | Killed a gargoyle
 10119 | D:10     | Reached skill level 13 in Axes
 10151 | D:10     | Noticed a gargoyle
 10159 | D:10     | Killed a gargoyle
 10175 | D:10     | Noticed a gargoyle
 10177 | D:10     | Killed a gargoyle
 10196 | D:10     | Noticed a gargoyle
 10198 | D:10     | Killed a gargoyle
 10211 | D:10     | Noticed a two-headed ogre
 10218 | D:10     | Killed a two-headed ogre
 10218 | D:10     | Reached **** piety under Okawaru
 10219 | D:10     | Reached skill level 5 in Invocations
 10219 | D:10     | Reached XP level 11. HP: 77/89 MP: 10/13
 10520 | D:11     | Found a flagged portal.
 10544 | Bailey   | Entered a bailey
 10544 | Bailey   | Noticed an orc knight
 10545 | Bailey   | Noticed an orc knight
 10993 | D:11     | Reached ***** piety under Okawaru
 11078 | D:11     | Reached skill level 14 in Axes
 11253 | D:11     | Found a staircase to the Lair.
 11299 | Lair:1   | Entered Level 1 of the Lair of Beasts
 11424 | Lair:1   | Noticed a six-headed hydra
 11480 | Lair:1   | Found a gate leading to a gauntlet.
 11489 | Gauntlet | Entered a Gauntlet
 11489 | Gauntlet | Found a transporter.
 11504 | Gauntlet | Found a transporter.
 11504 | Gauntlet | Found a transporter.
 11505 | Gauntlet | Found a transporter.
 11509 | Gauntlet | Found a runed translucent door.
 11510 | Gauntlet | Found a runed translucent door.
 11513 | Gauntlet | Found a transporter.
 11516 | Gauntlet | Found a transporter.
 11517 | Gauntlet | Found a transporter.
 11519 | Gauntlet | Noticed a wizard
 11527 | Gauntlet | Found a transporter.
 11528 | Gauntlet | Noticed a lindwurm
 11528 | Gauntlet | a jumping spider changed into a lindwurm
 11529 | Gauntlet | Found a transporter.
 11530 | Gauntlet | Found a transporter.
 11533 | Gauntlet | Noticed a minotaur
 11542 | Gauntlet | Found a transporter.
 11543 | Gauntlet | Found a transporter.
 11547 | Gauntlet | Found a transporter.
 11548 | Gauntlet | Noticed a death drake
 11551 | Gauntlet | Found a transporter.
 11737 | Gauntlet | Killed a wizard
 11758 | Gauntlet | Received a gift from Okawaru
 11840 | Gauntlet | Succumbed to a death drake's dark miasma

Illustrated notes

Levels and vault maps discovered:
D:1:      sevenhm_arrival_forest_fort_large_2, layout_loops_cross,
          basic_ecumenical_altar, serial_park_tiny_pond, minmay_tromino_mix6
D:2:      layout_loops_ring
D:3:      layout_loops_corners, mainiacjoe_overflow_concentric_impassable,
          grunt_ministairs_5, uniq_terence, uniq_jessica
D:4:      layout_rooms, cheibriados_altar_1, minmay_checkerbox
D:5:      minmay_chambers_of_fours, layout_basic, gammafunk_ghost_smash,
          enter_ossuary_2, minmay_fountain_box
D:6:      layout_gridville, mainiacjoe_overflow_small_starburst
D:7:      kennysheep_kobold_camp, layout_basic, mainiacjoe_overflow_catwalk,
          kiku_gazebo_garden_becter, minmay_temple_entry_sparse_star,
          minmay_misc_feat_roman
D:8:      layout_basic, mainiacjoe_overflow_six_doors_small, serial_shops,
          nicolae_shop_stone, uniq_pikel
D:9:      layout_basic
D:10:     cheibrodos_statue_roulette, layout_irregular_city,
          nicolae_trove_entry_crossroad, hangedman_decor_growths
D:11:     layout_roguey, david_lair_shrubbed, enter_bailey_3
Temple:   lightli_temple_of_artemis
Lair:1:   layout_regular_city, gauntlet_entry_generic, serial_bayou_pond_a,
          serial_bayou_crossing, uniq_erica
Gauntlet: gammafunk_gauntlet_77_escape_option
          [minmay_gauntlet_arena_77_double_cross,
          minmay_gauntlet_arena_77_shame_cube, minmay_gauntlet_arena_77_box,
          minmay_gauntlet_arena_77_two_lines,
          minmay_gauntlet_arena_77_hold_the_fort, gauntlet_exit_green]

Skill      XL: |  1  2  3  4  5  6  7  8  9 10 11 |
---------------+----------------------------------+-----
Axes           | 3 4 5 6 7 8 10 12 13 14 | 14.7
Shields        | 4 5 7 8 9 10 11 | 11.3
Fighting       | 4 5 6 7 |  7.8
Armour         | 4 5 7 8 9 |  9.0
Dodging        | 1 3 4 |  4.0
Invocations    | 3 5 6 |  6.4

Action                   |  1- 3 |  4- 6 |  7- 9 | 10-12 || total
-------------------------+-------+-------+-------+-------++-------
Melee: War axe           |    73 |    97 |   282 |   382 ||   834
       Headbutt          |     9 |    15 |    52 |    74 ||   150
Invok: Heroism           |       |       |       |     4 ||     4
  Use: Scroll            |       |     5 |     7 |     2 ||    14
Armor: Scale mail        |    25 |    46 |    46 |       ||   117
       Chain mail        |       |       |    71 |    31 ||   102
       Plate armour      |       |       |       |   198 ||   198
Dodge: Dodged            |    29 |    34 |    97 |   128 ||   288
Block: Kite shield       |    32 |    50 |   143 |   300 ||   525
